 Dungeon Crawl Stone Soup version 0.30-a0-778-g2ef04afb54 (webtiles) character file.

Game seed: 14416324120026611649

119 mopl the Magician (level 5, -5/31 HPs)
             Began as an Octopode Hedge Wizard on Feb 15, 2023.
             Was an Initiate of Dithmenos.
             Slain by a gnoll
             ... wielding a +2 flail of protection
              (8 damage)
             ... on level 3 of the Dungeon.
             The game lasted 00:03:44 (1616 turns).

mopl the Magician (Octopode Hedge Wizard)           Turns: 1616, Time: 00:03:44

Health: -5/31      AC:  1    Str: 10    XL:     5   Next: 3%
Magic:  1/10       EV: 12    Int: 18    God:    Dithmenos [......]
Gold:   108        SH:  3    Dex: 11    Spells: 1/11 levels left

rFire   . . .      SeeInvis .    a - +0 dagger (elec)
rCold   . . .      Faith    .    s - +0 buckler
rNeg    . . .      Spirit   .    b - +0 hat
rPois   +          Reflect  .    (no amulet)
rElec   .          Harm     .    e - ring of willpower
rCorr   .          Rampage  .    h - ring of poison resistance
Will    +....                    (no ring)
Stlth   ++++                     (no ring)
HPRegen 0.25/turn                (no ring)
MPRegen 0.12/turn                (no ring)
                                 (no ring)
                                 (no ring)

@: no status effects
A: almost no armour, amphibious, 8 rings, camouflage 1, gelatinous body 1,
nimble swimmer 1, tentacles
a: Renounce Religion


You were on level 3 of the Dungeon.
You worshipped Dithmenos.
Dithmenos was noncommittal.
You visited 1 branch of the dungeon, and saw 3 of its levels.

You collected 108 gold pieces.

Inventory:

Hand Weapons
 a - a +0 dagger of electrocution (weapon)
Armour
 b - a +0 hat (worn)
 s - a +0 buckler (worn)
Jewellery
 e - a ring of willpower (left tentacle)
 h - a ring of poison resistance (right tentacle)
Scrolls
 d - a scroll of enchant armour {unknown}
 f - a scroll of poison {unknown}
 g - 3 scrolls of noise {unknown}
 k - 2 scrolls of fear {unknown}
 m - a scroll of acquirement {unknown}
 n - 2 scrolls of identify {unknown}
 p - a scroll of teleportation {unknown}
 q - a scroll of magic mapping {unknown}
 v - a scroll of fog {unknown}
Potions
 c - a potion of magic
 i - 2 potions of brilliance {unknown}
 j - a potion of mutation {unknown}
 l - a potion of curing {unknown}
 o - a potion of cancellation {unknown}
 r - a potion of might {unknown}
 t - a potion of berserk rage {unknown}
 u - a potion of ambrosia {unknown}
 w - 2 potions of heal wounds {unknown}


   Skills:
 - Level 2.0 Dodging
 + Level 2.8 Stealth
 + Level 0.9 Shields
 + Level 3.7 Spellcasting
 + Level 2.4 Conjurations
 - Level 1.0 Summonings
 + Level 2.4 Translocations
 + Level 1.1 Poison Magic


You had one spell level left.
You knew the following spells:

 Your Spells              Type           Power      Damage    Failure   Level
a - Magic Dart            Conj           48%        1d5       8%          1
b - Petrify               Tmut/Erth      3%         N/A       90%         4
c - Mephitic Cloud        Conj/Pois/Air  7%         N/A       36%         3
e - Blink                 Tloc           24%        N/A       12%         2

Your spell library contained the following spells:

 Spells                   Type           Power      Damage    Failure   Level
 Apportation              Tloc           24%        N/A       8%          1
 Slow                     Hex            12%        N/A       21%         1
 Call Imp                 Summ           7%         N/A       21%         2
 Cigotuvi's Dreadful Rot  Necr/Pois/Air  8%         N/A       26%         2
 Sublimation of Blood     Necr           3%         N/A       30%         2
 Irradiate                Conj/Tmut      3%         3d12      98%         5
 Alistair's Intoxication  Tmut/Pois      3%         N/A       99%         5


Dungeon Overview and Level Annotations

Branches:
Dungeon (3/15)

Altars:
Dithmenos
Gozag
Hepliaklqana
Nemelex Xobeh
Sif Muna
Yredelemnul
Zin


Innate Abilities, Weirdness & Mutations

You cannot wear most types of armour.
You are amphibious.
You can wear up to eight rings at the same time.
Your skin changes colour to match your surroundings (Stealth+).
Your rubbery body absorbs attacks. (AC +1, EV +1)
You are camouflaged when in or above water. (Stealth+)
You have tentacles for arms and can constrict up to eight enemies at once.


Message History

You are out of magic!
You are out of magic!
You enter the deep water.
You barely miss the gnoll. You grab the gnoll. You constrict the gnoll.
The gnoll hits you with a +0 flail. The gnoll barely misses you.
You hit the gnoll. Lightning courses through the gnoll!
The gnoll is severely wounded.
You constrict the gnoll, but do no damage.
The gnoll misses you. x2
You hit the gnoll.
The gnoll is almost dead.
You constrict the gnoll, but do no damage.
The gnoll barely misses you. x2
You hit the gnoll. Lightning courses through the gnoll!!
You kill the gnoll!
Dithmenos accepts your kill.
The gnoll hits you from afar with a +0 spear!
The gnoll closely misses you.
You hit the gnoll but do no damage. You grab the gnoll.
You squeeze the gnoll, but do no damage.
You constrict the gnoll, but do no damage.
The gnoll struggles to escape constriction.
You hit the gnoll. You squeeze the gnoll.
The gnoll is lightly wounded.
You constrict the gnoll, but do no damage.
You block the gnoll's attack.
You hit the gnoll but do no damage. Lightning courses through the gnoll!!
You kill the gnoll!
Dithmenos accepts your kill.
You have reached level 5!
You feel stronger.
You hit the gnoll but do no damage. Your grab misses the gnoll.
The gnoll misses you.
You hit the gnoll but do no damage. You grab the gnoll.
You constrict the gnoll, but do no damage.
The gnoll hits you with a +2 flail of protection! x2
* * * LOW HITPOINT WARNING * * *
You release your grip on the gnoll.
The gnoll attacks as you move away!
The gnoll hits you with a +2 flail of protection!
You die...

.....## # ###.....#.#
......## #. ..#.....#.#
.......# .###.#.....'.####
.....#.# .............#..
###+##'#### #..≈≈≈≈≈≈≈≈≈.#.#
###.#.....# #)†≈.........#.#
..#.'.....## #..≈.#####.≈.#.#
#.###......# #.)≈.#.....≈.#.#
#.# #......# #.g@.#._.#.≈.#.#
#.###......###')≈.....#.≈...#
#...............≈.#####.≈.#.#
##)#......#.....≈.......≈.#.#
#)##...........≈≈≈≈≈≈≈≈≈.#.#
.#.##...........).........#.#
.#.............<...#...####.#
##.)#####.....#>##+#+### #.#
#....#........#.......# #.#


You could see a gnoll.

Vanquished Creatures
  3 gnolls (D:3)
  3 adders
  6 orcs (D:3)
  11 ball pythons
  A bat (D:3)
  3 endoplasms
  2 giant cockroaches
  5 goblins
  3 hobgoblins (D:2)
  2 jackals
  2 quokkas
  10 kobolds
  3 rats
54 creatures vanquished.

Notes
Turn   | Place    | Note
-------+----------+-------------------------------------------
     0 | D:1      | mopl the Octopode Hedge Wizard began the quest for the Orb.
     0 | D:1      | Reached XP level 1. HP: 11/11 MP: 4/4
   231 | D:1      | Reached XP level 2. HP: 17/17 MP: 0/6
   243 | D:1      | Learned a level 2 spell: Blink
   566 | D:2      | Reached XP level 3. HP: 17/21 MP: 2/7
   722 | D:2      | Reached skill level 2 in Conjurations
   742 | D:2      | Reached skill level 2 in Translocations
   793 | D:2      | Learned a level 3 spell: Mephitic Cloud
   831 | D:2      | Found a faded altar of an unknown god.
  1084 | D:2      | Reached XP level 4. HP: 23/27 MP: 9/9
  1314 | D:3      | Found a sparkling altar of Nemelex Xobeh.
  1429 | D:3      | Found a basalt altar of Yredelemnul.
  1431 | D:3      | Found a shadowy altar of Dithmenos.
  1460 | D:3      | Found a hazy altar of Hepliaklqana.
  1500 | D:3      | Became a worshipper of Dithmenos the Shadowed
  1547 | D:3      | Found a glowing silver altar of Zin.
  1550 | D:3      | Found a shimmering blue altar of Sif Muna.
  1556 | D:3      | Learned a level 4 spell: Petrify
  1571 | D:3      | Found an opulent altar of Gozag.
  1603 | D:3      | Reached skill level 1 in Poison Magic
  1614 | D:3      | Reached XP level 5. HP: 19/31 MP: 1/10
  1616 | D:3      | Slain by a gnoll

Illustrated notes

Levels and vault maps discovered:
D:1:      heliophobic_arrival_henge, layout_basic
D:2:      layout_rooms, ebering_ecumenical_altar_sacrificial
D:3:      layout_basic, mainiacjoe_overflow_brackets,
          mainiacjoe_overflow_surrounded_room, grunt_temple_overflow_open,
          uniq_crazy_yiuf_cottage, uniq_robin

Skill      XL: |  1  2  3  4 |
---------------+-------------+-----
Conjurations   | 2 |  2.4
Translocations | 2 |  2.4
Poison Magic   | 1 |  1.1
Dodging        | |  2.0
Stealth        | |  2.8
Shields        | |  0.9
Spellcasting   | |  3.7
Summonings     | |  1.0

Action                     |  1- 3 |  4- 6 || total
---------------------------+-------+-------++-------
  Melee: Dagger            |    56 |    42 ||    98
         Tentacles         |    11 |     7 ||    18
         Constrict         |    16 |    11 ||    27
         Punch             |     1 |     2 ||     3
   Cast: Magic Dart        |    19 |     9 ||    28
   Stab: Sleeping          |     6 |     6 ||    12
 Armour: Skin              |     4 |     1 ||     5
  Dodge: Dodged            |    35 |    24 ||    59
  Block: Buckler           |       |     4 ||     4

Table legend: (Time is in decaauts)
 A = Elapsed time spent in this place.
 B = Non-inter-level travel time spent in this place.
 C = Inter-level travel time spent in this place.
 D = Time resting spent in this place.
 E = Time spent auto-exploring this place.
 F = Levels seen in this place.
 G = Mean time per level.
                   A        B        C        D        E       F      G
               +--------+--------+--------+--------+--------+-----+--------+
         Total |   1618 |   1608 |     10 |    185 |    948 |   3 |  539.3 |
       Dungeon |   1618 |   1608 |     10 |    185 |    948 |   3 |  539.3 |
               +--------+--------+--------+--------+--------+-----+--------+

Top non-repeatable levels by time:
     D:2: 625 daAuts
     D:1: 603 daAuts
     D:3: 389 daAuts
